Map: Cactus Valley LE (Void)

Players

llllllllllll - Winner!

  • Race: Zerg Zerg
  • League: Diamond
  • Spawn Location: 7:00

Musumeci

  • Race: Zerg Zerg
  • League: Diamond
  • Spawn Location: 5:00

VOD

Have the link to the VOD?

Description

Time

  • Played on: March 12, 2017, 8:37 a.m.
  • Length: 4:42
Show
View Real Time Build Order
Export as new Build Order

llllllllllll Zerg - Winner!

Build Orders: Hatch First 

Get SALT Encoding   

  12  0:01  Drone  
  13  0:12  Overlord  
  13  0:17  Drone  
  14  0:30  Drone x2  
  14  0:34  Drone  
  17  0:53  Hatchery  
  17  0:55  Drone  
  17  0:58  Drone  
  17  1:00  Extractor  
  17  1:15  Spawning Pool  
  17  1:17  Drone  
  17  1:21  Drone  
  18  1:28  Overlord  
  18  1:38  Drone  
  19  2:05  Queen x2  
  19  2:06  Zergling x6  
  26  2:15  Metabolic Boost  
  26  2:17  Drone  
  26  2:18  Drone  
  28  2:29  Drone x2  
  30  2:34  Overlord  
  30  2:38  Drone  
  31  2:50  Zergling x4  
  33  2:55  Zergling x2  
  33  2:58  Overlord  
  34  3:11  Zergling x4  
  36  3:13  Overlord  
  36  3:16  Zergling x6  
  36  3:17  Zergling x4  
  41  3:23  Zergling x4  
  43  3:27  Baneling Nest  
  43  3:28  Zergling x2  
  42  3:41  Zergling x4  
  42  3:47  Evolution Chamber  
  44  3:48  Zergling x8  
  46  3:59  Zergling x2  
  46  4:00  Zergling x6  
  50  4:05  Zergling x2  
  45  4:10  Zergling x2  
  45  4:14  Zergling x2  
Show
View Real Time Build Order
Export as new Build Order

Musumeci Zerg 

Build Orders: Hatch First 

Get SALT Encoding   

  12  0:01  Drone  
  13  0:11  Drone  
  14  0:17  Extractor  
  14  0:20  Drone  
  15  0:42  Hatchery  
  14  0:45  Extractor  
  14  0:46  Drone  
  15  1:05  Spawning Pool  
  14  1:12  Extractor  
  13  1:18  Drone  
  13  1:21  Drone, Extractor  
  13  1:22  Overlord  
  15  1:41  Drone x2  
  17  1:51  Queen  
  17  1:53  Drone  
  20  2:02  Zergling x2  
  21  2:14  Queen  
  23  2:16  Metabolic Boost  
  23  2:19  Drone  
  24  2:25  Drone  
  25  2:38  Baneling Nest  
  25  2:39  Zergling x4  
  26  2:55  Zergling x4  
  26  2:56  Overlord  
  28  3:04  Evolution Chamber  
  27  3:13  Zergling x2  
  27  3:19  Zergling x10  
  33  3:28  Zergling x6  
  33  3:30  Baneling  
  33  3:32  Baneling  
  33  4:04  Zergling x2  
  33  4:05  Zergling x6  
Tags
 
Add a new tag
Caveats
  • Supply blocks, unpowered buildings, or Contaminate may cause inaccurate times.
  • Supply counts are checked every 10 seconds.